Unix NetHack Version 5.0.0-0 post-release - last build Jun 10 2026 00:39:30 (3ee93aec679c4c4259841fe613dc97188e26a321,branch:main).

Game began 2026-07-07 03:32:36, ended 2026-07-07 04:50:11.

JohnDarcy, neutral male human Tourist

   -----
   |..<|     -------
   |...|     |.....|        ----------------               -------
   |...|     |......########-..............|               |.....|
   |_..|    #...o..|        |..............|              #......|
   |..(-#   #|..$>.|        |..............|            ###|.....|
   -----#   #-------        ------|---------            #  |.....|
        #   #                     ##                    #  ----.--
        #   ##                     #                   ##      #
        #    #                    ###                  #       #
        #    ##                    ######              #      ##
        #     #                    #####`#######o@#   ##      #
        #-----#                   ####      #   -d----##      #
        #|...|#                      #          +....|[#    --.------
        #-...|#                     -.-         |:....######........|
         |...-#                    ....|        |....|      |.......|
         -----                    |.....        |....|      |.......|
                                  |....|        |....|      ---------
                                  ------        ------

JohnDarcy the Sightseer     St:9 Dx:12 Co:16 In:16 Wi:7 Ch:18  Neutral
Dlvl:5  $:2071 HP:0(43) Pw:16(16) AC:3  Xp:5 T:4720  Burdened

Latest messages:
 The Uruk-hai thrusts her crude short sword.
 The Uruk-hai hits!
 The dog misses the Uruk-hai.
 The dog bites the Uruk-hai.
 The Uruk-hai thrusts her crude short sword at the dog.
 The Uruk-hai misses the dog.
 The dog misses the Uruk-hai.
 The dog bites the Uruk-hai.
 The Uruk-hai thrusts her crude short sword at the dog.
 The Uruk-hai misses the dog.
 The Uruk-hai thrusts her crude short sword.
 The Uruk-hai hits!
 The dog bites the Uruk-hai.
 The Uruk-hai is killed!
 There are several objects here.
 You have a little trouble lifting $ - 2050 gold pieces (2071 in total).
 p - a white-handed shield.
 r - a white-handed shield.
 What do you want to drop? [$a-vxzABEH-KMNPRSX or ?*] p
 You drop a white-handed shield.
 What do you want to drop? [$a-oq-vxzABEH-KMNPRSX or ?*] r
 You drop a white-handed shield.
 The dog picks up a white-handed shield.
 You see here a white-handed shield.
 You have a little trouble lifting p - a white-handed shield.
 What do you want to wear? [p or ?*] p
 You are now wearing a white-handed shield.
 What do you want to use or apply? [dlmvPX or ?*] c
 Sorry, I don't know how to use that.
 You miss the floating eye.
 You are frozen by the floating eye's gaze!
 The dog drops a white-handed shield.
 The dog picks up a white-handed shield.
 The poisoned crude arrow hits the floating eye!
 The floating eye is killed!
 You are hit by a poisoned crude arrow.
 A poisoned crude arrow misses you.
 A poisoned crude arrow misses you.
 You are hit by a poisoned crude arrow!
 Your small glob of gray ooze shrinks.
 The Uruk-hai swings his crude bow.
 The Uruk-hai hits!
 The Uruk-hai swings his crude bow.
 The Uruk-hai hits!
 You die...
 Do you want your possessions identified? [ynq] (y) y
 Do you want to see your attributes? [ynq] (y) y
 Do you want an account of creatures vanquished? [ynaq] (y) y
 Do you want to see your conduct and achievements? [ynq] (y) y
 Do you want to see the dungeon overview? [ynq] (y) y

Inventory:
 Coins    ('$')
  $ - 2071 gold pieces
 Weapons  (')')
  o - a poisoned +0 orcish arrow
  a - 15 +2 darts
  u - 5 +0 darts
  S - a +0 scimitar (weapon in right hand)
 Armor    ('[')
  s - an uncursed +0 pair of fumble boots
  n - an uncursed +0 pair of high boots (being worn)
  p - an uncursed +2 Uruk-hai shield (being worn)
  k - an uncursed burnt +2 Hawaiian shirt with a tropical fish motif (being worn)
 Comestibles  ('%')
  g - 2 uncursed cram rations
  b - 4 uncursed food rations
  f - an uncursed orange
  e - an uncursed tripe ration
  t - 2 uncursed lichen corpses
  c - an uncursed small glob of gray ooze
 Scrolls  ('?')
  N - an uncursed scroll of blank paper
  M - a cursed scroll of blank paper
  q - 2 uncursed scrolls of enchant weapon
  j - a blessed scroll of magic mapping
  i - 4 uncursed scrolls of magic mapping
 Potions  ('!')
  h - an uncursed potion of extra healing
  J - an uncursed potion of hallucination
  H - 3 uncursed potions of healing
  K - a cursed potion of healing
  A - an uncursed potion of invisibility
  x - an uncursed potion of object detection
  z - an uncursed potion of oil
  E - a blessed potion of speed
  B - an uncursed potion of speed
  I - 5 potions of holy water
 Rings    ('=')
  R - a cursed ring of shock resistance
 Wands    ('/')
  X - a wand of digging (0:8)
  P - a wand of digging (0:2)
  v - a wand of speed monster (0:6)
 Tools    ('(')
  m - an uncursed credit card
  l - an expensive camera (0:72)
  d - an uncursed mirror

JohnDarcy the Tourist's attributes:

Background:
 You were a Sightseer, a level 5 male human Tourist.
 You were neutral, on a mission for The Lady
 who was opposed by Blind Io (lawful) and Offler (chaotic).
 You were right-handed.
 You were in the Dungeons of Doom, on level 5.
 You entered the dungeon 4720 turns ago.
 It was nighttime.
 You had 312 experience points, 8 more were needed to attain level 6.

Basics:
 You had 0 out of 43 hit points.
 You had all 16 energy points (spell power).
 Your armor class was 3.
 Your wallet contained 2071 zorkmids.
 Autopickup was off.

Final Characteristics:
 Your strength was 9 (limit:18/100).
 Your dexterity was 12 (limit:18).
 Your constitution was 16 (limit:18).
 Your intelligence was 16 (limit:18).
 Your wisdom was 7 (limit:18).
 Your charisma was 18 (limit:18).

Final Status:
 You weren't hungry.
 You were burdened; movement was slightly slowed.
 You were wielding a saber.
 You were unskilled in saber.

Final Attributes:
 You were piously aligned.
 You were telepathic.
 You are dead.

Miscellaneous:
 You didn't encounter any bones levels.
 Total elapsed playing time was 1 hour, 17 minutes and 31 seconds.

Major events:
 Turn
    1: JohnDarcy the neutral male human Tourist entered the dungeon
 1152: attained the rank of Sightseer (level 3)
 3026: entered the Gnomish Mines
 4720: killed by an Uruk-hai, while frozen by a floating eye's gaze

You didn't know any spells.

Skills:
 Fighting Skills
   bare handed combat [Unskilled]
   two weapon combat  [Unskilled]
   riding             [Unskilled]
 Weapon Skills
   dagger             [Unskilled]
   knife              [Unskilled]
   axe                [Unskilled]
   pick-axe           [Unskilled]
   short sword        [Unskilled]
   broadsword         [Unskilled]
   long sword         [Unskilled]
   two-handed sword   [Unskilled]
   saber              [Unskilled]
   mace               [Unskilled]
   morning star       [Unskilled]
   flail              [Unskilled]
   hammer             [Unskilled]
   quarterstaff       [Unskilled]
   polearms           [Unskilled]
   spear              [Unskilled]
   trident            [Unskilled]
   lance              [Unskilled]
   bow                [Unskilled]
   sling              [Unskilled]
   crossbow           [Unskilled]
   dart               [Basic]
   shuriken           [Unskilled]
   boomerang          [Unskilled]
   whip               [Unskilled]
   unicorn horn       [Unskilled]
 Spellcasting Skills
   divination spells  [Unskilled]
   enchantment spells [Unskilled]
   escape spells      [Unskilled]

Voluntary challenges:
 Character rerolling was not enabled.
 You never hit with a wielded weapon.
 You never genocided any monsters.
 You never polymorphed an object.
 You used no wishes.
Achievements:
 You entered a shop.
 You attained the rank of Sightseer.
 You entered the Gnomish Mines.

 The Dungeons of Doom: levels 1 to 6
    Level 1:
       A fountain.
    Level 2:
       A grave.
       Stairs down to The Gnomish Mines.
    Level 3:
       An altar to The Lady.
    Level 4:
       A potion shop.
    Level 5: <- You were here.
       An altar to The Lady.
       Final resting place for
          you, killed by an Uruk-hai, while frozen by a floating eye's gaze.
    Level 6:
       A general store.
 The Gnomish Mines:
    Level 3:


Vanquished creatures:
  3 human zombies
 an imp
  a wood nymph
  2 Uruk-hai
 an orc shaman
  2 shriekers
  3 gray oozes
  2 elf zombies
  a paper golem
  a giant ant
  5 floating eyes
  a homunculus
  2 hill orcs
  a centipede
  a giant bat
  3 orc zombies
  3 dwarf zombies
  3 wererats
  3 werejackals
  6 iguanas
  a coyote
  a gas spore
  2 manes
  a hobgoblin
  8 giant rats
  a cave spider
  2 brown molds
  2 yellow molds
  a green mold
  a gnome
  5 gnome zombies
  3 geckos
  3 jackals
  2 kobolds
  a goblin
  3 sewer rats
  4 grid bugs
  7 lichens
  4 kobold zombies
  7 newts
104 creatures vanquished.

No species were genocided or became extinct.

Game over:
                       ----------
                      /          \
                     /    REST    \
                    /      IN      \
                   /     PEACE      \
                  /                  \
                  |    JohnDarcy     |
                  |     2071 Au      |
                  |   killed by an   |
                  |     Uruk-hai     |
                  |                  |
                  |                  |
                  |       2026       |
                 *|     *  *  *      | *
        _________)/\\_//(\/(/\)/\//\/|_)_______

Aloha JohnDarcy the Tourist...

You died in The Dungeons of Doom on dungeon level 5 with 3425 points,
and 2071 pieces of gold, after 4720 moves.
You were level 5 with a maximum of 43 hit points when you died.

